 Dungeon Crawl Stone Soup version 0.28.0-47-ge53b351184 (webtiles) character file.

Game seed: 16071117211286221018

7618 pkoi the Destroyer (level 10, 0/80 HPs)
             Began as a Demigod Conjurer on May 4, 2022.
             Killed by divine providence
             ... invoked by an orc priest
              (13 damage)
             ... on level 8 of the Dungeon.
             The game lasted 00:23:51 (15581 turns).

pkoi the Destroyer (Demigod Conjurer)              Turns: 15581, Time: 00:23:52

Health: 0/80       AC:  6    Str:  8    XL:     10   Next: 66%
Magic:  16/22      EV: 18    Int: 34    God:
Gold:   439        SH:  0    Dex: 15    Spells: 10/20 levels left

rFire   . . .      SeeInvis .   F - +7 long sword of the Hated {speed, rC+ Int+2 Dex+3}
rCold   + . .      Faith    .   (no shield)
rNeg    . . .      Spirit   .   a - +0 robe
rPois   .          Reflect  .   i - +0 helmet
rElec   .          Harm     .   (no cloak)
rCorr   .          Rampage  .   p - +1 Delatra's gloves {ID++}
Will    +....                   x - +0 pair of boots
Stlth   ++........              (no amulet)
HPRegen 0.23/turn               q - ring of wizardry
MPRegen 0.18/turn               v - +4 ring of evasion

@: no status effects
A: high MP 1, forlorn, divine attributes
a: no special abilities


You were on level 8 of the Dungeon.
You visited 1 branch of the dungeon, and saw 8 of its levels.
You also visited: Sewer.

You collected 439 gold pieces.

Inventory:

Hand Weapons
 b - a +0 whip
 c - a +0 dagger
 e - a +1 short sword
 j - a +0 quarterstaff
 F - the +7 long sword of the Hated (weapon) {speed, rC+ Int+2 Dex+3}
   (You found it on level 8 of the Dungeon)

   Attacks with this weapon are significantly faster.
   Int:       It affects your intelligence (+2).
   Dex:       It affects your dexterity (+3).
   rC:        It protects you from cold.
Missiles
 h - 16 poisoned darts
 w - a curare-tipped dart
 z - 3 boomerangs of dispersal
Armour
 a - a +0 robe (worn)
 i - a +0 helmet (worn)
 p - the +1 Delatra's gloves (worn) {ID++}
   (You found it on level 3 of the Dungeon)

   It heals its wearer when they drink unknown potions.
   It restores its wearer's MP when they read unknown scrolls.
 x - a +0 pair of boots (worn)
 I - +0 steam dragon scales
Magical Staves
 l - a staff of air
Jewellery
 q - a ring of wizardry (left hand)
 v - a +4 ring of evasion (right hand)
 y - a ring of see invisible
 C - a +6 ring of strength
 J - the ring "Haoge" {Ice rElec}
   (You took it off an efreet on level 8 of the Dungeon)

   [ring of ice]

   It enhances your ice magic.
   rF:        It makes you vulnerable to fire.
   rC:        It protects you from cold.
   rElec:     It insulates you from electricity.
Wands
 E - a wand of polymorph (18)
Scrolls
 n - 2 scrolls of summoning
 A - a scroll of enchant weapon
 D - a scroll of teleportation
 H - a scroll of fog
Potions
 d - a potion of cancellation
 f - 2 potions of magic {unknown}
 g - a potion of flight {unknown}
 k - a potion of berserk rage
 m - a potion of curing
 o - 2 potions of heal wounds
 r - 3 potions of haste {unknown}
 t - 4 potions of mutation {unknown}
 u - a potion of resistance
 B - 2 potions of brilliance
 G - a potion of attraction {unknown}
Miscellaneous
 s - a phial of floods (inert)


   Skills:
 + Level 4.7 Fighting
 - Level 3.0 Armour
 + Level 5.1 Dodging
 - Level 1.7 Stealth
 + Level 5.6 Spellcasting
 * Level 9.1 Conjurations
 + Level 5.7 Hexes
 + Level 5.7 Translocations
 - Level 3.0 Evocations


You had 10 spell levels left.
You knew the following spells:

 Your Spells              Type           Power      Damage    Failure   Level
a - Magic Dart            Conj           100%       1d8       1%          1
b - Apportation           Tloc           96%        N/A       1%          1
c - Iskenderun's Mystic   Conj/Tloc      56%        2d12      1%          4
d - Fulminant Prism       Conj/Hex       28%        3d14      1%          4

Your spell library contained the following spells:

 Spells                   Type           Power      Damage    Failure   Level
 Searing Ray              Conj           100%       2d8       1%          2
 Confusing Touch          Hex            49%        N/A       1%          3
 Dazzling Flash           Conj/Hex       100%       N/A       1%          3
 Gell's Gravitas          Tloc           48%        N/A       1%          3
 Lesser Beckoning         Tloc           48%        N/A       1%          3
 Portal Projectile        Hex/Tloc       96%        N/A       1%          3
 Teleport Other           Tloc           48%        N/A       1%          3
 Corpse Rot               Necr/Air       18%        N/A       2%          2
 Yara's Violent Unravell  Hex/Tmut       14%        3d7       14%         5
 Dispel Undead            Necr           9%         3d8       16%         4
 Alistair's Intoxication  Tmut/Pois      6%         N/A       41%         5
 Blade Hands              Tmut           4%         N/A       41%         5
 Excruciating Wounds      Necr           4%         N/A       41%         5
 Enfeeble                 Hex            24%        N/A       75%         7
 Death Channel            Necr           4%         N/A       91%         6


Dungeon Overview and Level Annotations

Branches:
Dungeon (8/15)             Temple (0/1) D:4           Sewer (visited)
   Lair: D:8-11

Shops:
D:8 (


Innate Abilities, Weirdness & Mutations

You have an increased reservoir of magic. (+10% MP)
You shall have no god before yourself.
Your divine heritage dramatically boosts your attributes as you level up.


Message History

The blast of energy engulfs the efreet!!
The efreet is severely wounded.
You hear a shout!
You hear a roar!
Unknown command.
Casting: Fulminant Prism (mildly dangerous; 1% risk of failure)
Confirm with . or Enter, or press ? or * to list all spells.
You erupt in a blast of force!
The mystic blast hits the efreet.
The efreet is almost dead.
The efreet is knocked back by the mystic blast.
The efreet gestures at you. The bolt of fire hits you!!
* * * LOW HITPOINT WARNING * * *
The efreet gestures at you. The bolt of fire hits you!!
* * * LOW HITPOINT WARNING * * *
Casting: Iskenderun's Mystic Blast (mildly dangerous; 1% risk of failure)
Confirm with . or Enter, or press ? or * to list all spells.
You can't see any susceptible monsters within range! (Use Z to cast anyway.) Unknown command.
Aim the phial where?
Press: ? - help, Shift-Dir - straight line, f - efreet
Aim: an efreet, wielding a +4 scimitar of flaming and wearing a ring of protection from cold (almost dead)
The torrent of water hits the efreet!
You kill the efreet!
The wave splashes down.
The orc is engulfed in water.
You hear a shout!
Unknown command.
There is an open door here.
Casting: Iskenderun's Mystic Blast (mildly dangerous; 1% risk of failure)
Confirm with . or Enter, or press ? or * to list all spells.
You erupt in a blast of force!
The mystic blast hits the orc!
You kill the orc!
Unknown command.
You close the door, pushing everything out of the way.
You see here a +0 falchion.
An orc priest opens the door.
You see here a +0 long sword.
The orc priest mumbles some strange prayers to Beogh against you.
Beogh smites you!
You die...

..†#.............###########≈.≈#.
...o)............'.........#≈.≈#.
.#.#.............###'#######≈.≈#.
.#.#.......................#≈.≈#.
.#.######..................##.##.
.#.# #......................)...
.#.# #)############'#...........
##.####.############.#...........
.......).o......@....#...........
###..#.#.#########...######).....
###..#.##.........#).# #......
#...##.##.##.######).# #......
....#...##.# ##..# #......
#..##...##.# #...# #......
#..#..#..##[# ##...######......
#.##.#.#†# .# #................
..#...#...##☼ ##................


You could see an orc priest.

Vanquished Creatures
  2 two-headed ogres
  A deep elf pyromancer (D:8)
  2 efreet (D:8)
  A troll (D:8)
  A wraith (D:8)
  2 steam dragons (D:8)
  A yak (D:6)
  Eustachio (D:5)
  Edmund (D:5)
  An acid dragon (D:8)
  4 water moccasins
  Pargi (Sewer)
  3 orc warriors
  5 ice beasts (D:6)
  A sky beast (D:7)
  2 black bears
  2 necrophages
  2 centaurs (D:6)
  An ogre (D:6)
  A kobold brigand (D:6)
  2 phantoms
  A gnoll sergeant (D:8)
  6 bullfrogs
  4 scorpions
  A water moccasin zombie (D:6)
  7 killer bees
  2 water moccasin skeletons
  2 wights (D:6)
  4 howler monkeys (D:8)
  2 centaur zombies
  3 bullfrog zombies
  A hound (D:6)
  A gnoll shaman (D:4)
  A bullfrog skeleton (D:6)
  2 orc priests (D:5)
  3 centaur skeletons
  4 iguanas
  2 orc wizards
  A killer bee zombie (D:8)
  A howler monkey zombie (D:8)
  11 gnolls
  8 adders
  A river rat (D:4)
  3 shadow imps
  A white imp (D:6)
  An ufetubus (D:4)
  A worm (D:2)
  2 dart slugs
  25 orcs
  5 ball pythons
  11 endoplasms
  2 giant cockroaches (D:2)
  11 goblins
  6 hobgoblins
  17 kobolds
  6 bats
  8 frilled lizards
  7 rats
211 creatures vanquished.

Vanquished Creatures (others)
  50 fulminant prisms
50 creatures vanquished.

Grand Total: 261 creatures vanquished

Notes
Turn   | Place    | Note
-------+----------+-------------------------------------------
     0 | D:1      | pkoi the Demigod Conjurer began the quest for the Orb.
     0 | D:1      | Reached XP level 1. HP: 14/14 MP: 5/5
   471 | D:1      | Reached XP level 2. HP: 20/20 MP: 5/7
  1207 | D:2      | Reached skill level 4 in Conjurations
  1297 | D:2      | Reached skill level 1 in Hexes
  1297 | D:2      | Reached XP level 3. HP: 26/26 MP: 2/8
  1354 | D:2      | Reached skill level 1 in Translocations
  1357 | D:2      | Learned a level 2 spell: Searing Ray
  1664 | D:2      | Reached XP level 4. HP: 33/33 MP: 4/10
  2758 | D:3      | Learned a level 4 spell: Iskenderun's Mystic Blast
  3071 | D:3      | Found the +1 Delatra's gloves {ID++}
  3305 | D:4      | Found a staircase to the Ecumenical Temple.
  3369 | D:4      | Noticed a phantom
  3371 | D:4      | Reached XP level 5. HP: 38/38 MP: 3/11
  3451 | D:4      | Reached skill level 5 in Conjurations
  3609 | D:4      | Found a glowing drain.
  3635 | Sewer    | Entered a sewer
  3689 | Sewer    | Noticed Pargi
  3698 | Sewer    | Killed Pargi
  3699 | Sewer    | Reached XP level 6. HP: 32/45 MP: 3/13
  3920 | Sewer    | Learned a level 4 spell: Fulminant Prism
  5363 | D:5      | Entered Level 5 of the Dungeon
  5541 | D:5      | Reached XP level 7. HP: 47/50 MP: 1/15
  6382 | D:5      | Reached skill level 6 in Conjurations
  6596 | D:5      | Noticed Eustachio
  6624 | D:5      | Killed Eustachio
  6625 | D:5      | Reached skill level 1 in Fighting
  6625 | D:5      | Reached skill level 1 in Armour
  6625 | D:5      | Reached skill level 1 in Evocations
  6942 | D:5      | Noticed Edmund
  7838 | D:6      | Reached XP level 8. HP: 59/59 MP: 8/16
  8489 | D:5      | Killed Edmund
  8618 | D:6      | Learned a level 1 spell: Apportation
  9003 | D:6      | Reached skill level 7 in Conjurations
  9761 | D:6      | Reached XP level 9. HP: 48/68 MP: 2/18
 10575 | D:6      | Noticed a two-headed ogre
 11423 | D:6      | Killed a two-headed ogre
 11424 | D:6      | Reached skill level 8 in Conjurations
 11993 | D:7      | Reached skill level 5 in Hexes
 11996 | D:7      | Reached skill level 5 in Spellcasting
 12465 | D:7      | Reached skill level 5 in Translocations
 12777 | D:7      | Reached XP level 10. HP: 78/78 MP: 9/21
 13467 | D:8      | Found Koapu's Weapon Shoppe.
 13469 | D:8      | Identified the +7 long sword of the Hated {speed, rC+ Int+2
                  | Dex+3}
 14651 | D:8      | Noticed a two-headed ogre
 14660 | D:8      | Killed a two-headed ogre
 15214 | D:8      | Identified the ring "Haoge" {Ice rElec}
 15231 | D:8      | Noticed a deep elf pyromancer
 15236 | D:8      | Killed a deep elf pyromancer
 15237 | D:8      | Reached skill level 5 in Dodging
 15237 | D:8      | Reached skill level 9 in Conjurations
 15545 | D:8      | Identified the +3 spear of Qazlal's Grace {vorpal, rPois
                  | Int+4 Dex-2 Stlth+}
 15581 | D:8      | Killed from afar by an orc priest

Illustrated notes

Levels and vault maps discovered:
D:1:      shiori_arrival_maze, layout_loops_ring,
          ebering_ecumenical_altar_petrified, minmay_misc_feat_rows
D:2:      kennysheep_the_goblin_king, layout_loops_cross, minmay_hexomino_p4
D:3:      layout_rooms, mainiacjoe_overflow_small_starburst
D:4:      layout_cave_pools, minmay_temple_entry_drinking_statues,
          portal_sewer_entry_c
D:5:      layout_basic, uniq_edmund, uniq_eustachio
D:6:      kennysheep_windowed_halls, layout_basic, minmay_pentangle
D:7:      layout_basic
D:8:      minmay_the_grid_triangle_9x9_rhombus_thin
          [minmay_the_grid_triangle_9x9_shrine,
          minmay_the_grid_triangle_9x9_prize_insulated,
          minmay_the_grid_triangle_9x9_cache,
          minmay_the_grid_triangle_9x9_limited_checkers], layout_basic,
          serial_shops, shop, amcnicky_mini_rare_corridor_liquid

Skill      XL: |  1  2  3  4  5  6  7  8  9 10 |
---------------+-------------------------------+-----
Spellcasting   | 2 3 4 5 |  5.6
Conjurations   | 4 5 6 7 8 9 |  9.1
Hexes          | 1 2 3 4 5 |  5.7
Translocations | 1 2 3 4 5 |  5.7
Dodging        | 2 3 4 5 |  5.1
Fighting       | 1 2 3 4 |  4.7
Armour         | 1 2 3 |  3.0
Evocations     | 1 2 3 |  3.0
Stealth        | |  1.7

Action                   |  1- 3 |  4- 6 |  7- 9 | 10-12 || total
-------------------------+-------+-------+-------+-------++-------
Melee: Short sword       |       |    24 |    45 |       ||    69
       Long sword        |       |       |       |     2 ||     2
 Cast: Magic Dart        |    64 |    86 |    15 |    26 ||   191
       Searing Ray       |     1 |     9 |       |       ||    10
       Iskenderun's Myst |       |     7 |    97 |    32 ||   136
       Fulminant Prism   |       |     4 |    30 |    16 ||    50
Evoke: Phial of floods   |       |       |       |     1 ||     1
  Use: Scroll            |     2 |     7 |     7 |       ||    16
 Stab: Sleeping          |       |     1 |       |       ||     1
Armor: Robe              |     4 |    23 |    35 |     4 ||    66
Dodge: Dodged            |     1 |    45 |    82 |    18 ||   146
